 Dungeon Crawl Stone Soup version 0.17-a0-2122-g03d97ec (console) character file.

67 endege the Cutter (level 3, -3/36 HPs)
             Began as a Troll Assassin on Oct 21, 2015.
             Was an Initiate of Okawaru.
             Killed from afar by an orc wizard (10 damage)
             ... with a puff of flame
             ... on level 4 of the Dungeon.
             The game lasted 00:10:11 (1100 turns).

endege the Cutter (Troll Assassin)                  Turns: 1100, Time: 00:10:12

Health: -3/36      AC:  6    Str: 19    XL:     3   Next: 98%
Magic:  2/2        EV:  9    Int:  7    God:    Okawaru [......]
Gold:   105        SH:  0    Dex: 12    Spells: 0 memorised, 2 levels left

rFire  . . .     SeeInvis .     k - +1 short sword
rCold  . . .     Clarity  .     c - +0 robe
rNeg   . . .     SustAt   .     (no shield)
rPois  .         Gourm    +     (helmet restricted)
rElec  .         Spirit   .     d - +0 cloak
rCorr  .         Warding  .     (gloves unavailable)
rMut   .         Stasis   .     (boots unavailable)
MR     .....                    (no amulet)
Stlth  ++........               (no ring)
                                (no ring)

@: not resistant to hostile enchantments, unstealthy
A: unfitting armour, claws 3, fast metabolism 3, gourmand, regeneration 2,
shaggy fur 1, tough skin 2
a: Renounce Religion


You were on level 4 of the Dungeon.
You worshipped Okawaru.
Okawaru was noncommittal.
You were not hungry.

You visited 1 branch of the dungeon, and saw 4 of its levels.

You collected 105 gold pieces.

Inventory:

Hand Weapons
 a - a +2 dagger
 b - a +0 blowgun
 h - a +0 hunting sling
 i - a +0 hunting sling
 k - a +1 short sword (weapon)
 m - a +0 short sword
 s - a cursed -2 dagger
Missiles
 e - 8 poisoned needles
 f - 2 curare-tipped needles
 j - 7 tomahawks of returning (quivered)
 n - 5 javelins
 q - 4 tomahawks
 r - 25 arrows of frost
Armour
 c - a +0 robe (worn)
 d - a +0 cloak (worn)
Potions
 l - a potion of berserk rage {unknown}
 p - a potion of agility {unknown}
Comestibles
 g - a bread ration
 o - 5 chunks of flesh


   Skills:
 * Level 2.6 Fighting
 * Level 2.7 Short Blades
 - Level 1.7 Throwing
 - Level 0.7 Dodging
 - Level 2.4 Stealth


You had 2 spell levels left.
You didn't know any spells.

Dungeon Overview and Level Annotations

Branches:
Dungeon (4/15)
 Temple: D:4-7

Altars:
Okawaru


Innate Abilities, Weirdness & Mutations

You are too large for most types of armour.
You have claws for hands.
Your metabolism is lightning-fast.
You like to eat raw meat.
You heal very quickly.
You are covered in fur (AC +1).
You have very tough skin (AC +2).


Message History

The quokka skeleton bites you but does no damage.
You puncture the orc!
You kill the orc!
Okawaru accepts your kill. Something hits you but does no damage.
The quokka skeleton bites you but does no damage.
Something hits you.
* * * LOW HITPOINT WARNING * * *
The quokka skeleton barely misses you.
Items here: ))) [ †† You hit the quokka skeleton.
Something hits you.
* * * LOW HITPOINT WARNING * * *
The quokka skeleton bites you but does no damage.
You barely miss the quokka skeleton. Something hits you but does no damage.
The quokka skeleton barely misses you.
You hit the quokka skeleton but do no damage.
You hear some strange, mumbled words.
A puff of flame appears from out of thin air!
The puff of flame hits you!
You die...

..... .....
#...# #...#
#.#.# ###
#...# ##.##
#...###Z@{##
#.<........#
#..<###...##
####.....##
.....#
......
........
....$).##.
..o...#.# ..


You could see a quokka skeleton.

Vanquished Creatures
  3 adders (D:2)
  A worm (D:2)
  A giant gecko (D:1)
  3 orcs (D:4)
  4 bats
  2 giant cockroaches
  3 goblins (D:2)
  2 jackals (D:3)
  A quokka (D:2)
  3 giant newts
  4 kobolds
  11 rats
38 creatures vanquished.

Notes
Turn   | Place    | Note
--------------------------------------------------------------
     0 | D:1      | endege the Troll Assassin began the quest for the Orb.
     0 | D:1      | Reached XP level 1. HP: 19/19 MP: 0/0
   133 | D:1      | Reached XP level 2. HP: 25/28 MP: 1/1
   457 | D:2      | Found an iron altar of Okawaru.
   460 | D:2      | Became a worshipper of Warmaster Okawaru
   514 | D:2      | Reached XP level 3. HP: 31/36 MP: 2/2
  1100 | D:4      | Killed from afar by an orc wizard

Vault maps used:
D:1:      saegor_arrival_simple_e
D:2:      lemuel_doored_altar
D:3:      old_standard_altar, first_bread, tgw_kikubaaqudgha
D:4:      kennysheep_generic_room_5, uniq_robin

Action                   || total
-------------------------++-------
Melee: Dagger            ||    30
       Short sword       ||   100
  Use: Scroll            ||     6
       Potion            ||     2
 Stab: Sleeping          ||     3
  Eat: Chunk             ||     3
       Bread ration      ||     1
